 Dungeon Sprint DCSS version 0.21-a0-72-gbbb65ab (webtiles) character file.

7 Kidiri the Ruffian (level 1, -2/24 HPs)
             Began as a Draconian Transmuter on June 20, 2017.
             Slain by a human (4 damage)
             ... in the Dungeon (Sprint III: "The Ten Rune Challenge").
             The game lasted 00:01:00 (153 turns).

Kidiri the Ruffian (Draconian Transmuter)            Turns: 153, Time: 00:01:00

Health: -2/24      AC:  4    Str: 17    XL:     1   Next: 83%
Magic:  3/4        EV: 12    Int: 13    God:
Gold:   0          SH:  0    Dex: 11    Spells: 4/5 levels left

rFire    . . .     SeeInvis .     - Unarmed
rCold    . . .     Gourm    .   (no shield)
rNeg     . . .     Faith    .   (armour unavailable)
rPois    .         Spirit   .   (helmet restricted)
rElec    .         Reflect  .   (no cloak)
rCorr    .         Harm     .   (no gloves)
MR       .....     NoTele   +   (boots currently unavailable)
Stlth    ..........             (no amulet)
HPRegen  0.08/turn              (no ring)
MPRegen  0.09/turn              (no ring)

@: berserking, appendage, very quick
A: unfitting armour, talons 3, cold-blooded, AC +4
a: End Transformation


You were in the Dungeon.
You were not hungry.
You had grown temporary talons.
You visited 1 branch

Inventory:

Missiles
 a - 12 arrows
Scrolls
 i - a scroll of blinking
Potions
 e - a potion of heal wounds
 f - a potion of haste
 g - 2 potions of magic
Books
 b - a book of Changes

   Spells                             Type                      Level
   a - Beastly Appendage              Transmutation                1
   b - Sticks to Snakes               Transmutation                2
   c - Spider Form                    Transmutation/Poison         3
   d - Ice Form                       Ice/Transmutation            4
   e - Blade Hands                    Transmutation                5
Comestibles
 c - a bread ration
 j - a meat ration
 k - 2 chunks of flesh


   Skills:
 + Level 1.3 Fighting
 * Level 2.2 Dodging
 * Level 1.6 Stealth
 * Level 3.4 Unarmed Combat
 * Level 2.5 Spellcasting
 * Level 2.2 Transmutations


You had 4 spell levels left.
You knew the following spells:

 Your Spells              Type           Power        Failure   Level  Hunger
a - Beastly Appendage     Tmut           #.....       10%         1    #......


Dungeon Overview and Level Annotations

Branches:
Dungeon (1/1)

Altars:


Innate Abilities, Weirdness & Mutations

Your plain brown scales are hard. (AC +4)
You cannot fit into any form of body armour.
You are cold-blooded and may be slowed by cold attacks.
You have claws for feet.


Message History

You hit the human but do no damage.
The human is moderately wounded.
The human hits you!
Ouch! That really hurt!
A red film seems to cover your vision as you go berserk!
You feel yourself moving faster!
You feel mighty! The human completely misses you.
You hit the human. Your kick misses the human.
Your tail-slap misses the human.
The human is heavily wounded.
The human hits you!
* * * LOW HITPOINT WARNING * * *
You punch the human! You claw the human.
Your tail-slap misses the human.
The human is almost dead.
You closely miss the human.
The human is almost dead.
The human hits you but does no damage.
You hit the human. Your kick misses the human.
The human is almost dead.
The human hits you.
You die...

▓.....#
▓.....#...≈≈♣♣ ♣.
▓.....#..≈≈≈≈♣♣.♣
▓####'#..≈≈≈≈≈≈♣♣
▓)....#.≈≈≈≈≈≈...
▓.....#.≈≈≈≈≈....
▓.....#.≈≈≈......
▓'#####..........
▓...@p...........
▓▓▓▓▓▓▓▓▓▓▓▓▓▓▓▓▓


You could see a human.

Vanquished Creatures
  An ooze (D)
  3 rats (D)
4 creatures vanquished.

Vanquished Creatures (others)
  6 hellions (D)
  A yaktaur (D)
  3 plants (D)
10 creatures vanquished.

Grand Total: 14 creatures vanquished

Notes
Turn   | Place    | Note
-------+----------+-------------------------------------------
     0 | D        | Kidiri the Draconian Transmuter began the quest for the Orb.
     0 | D        | Reached XP level 1. HP: 16/16 MP: 3/3
    10 | D        | Reached skill level 1 in Stealth
    47 | D        | Killed a yaktaur
   100 | D        | Killed a hellion
   111 | D        | Killed a hellion
   111 | D        | Killed a hellion
   112 | D        | Killed a hellion
   125 | D        | Killed a hellion
   136 | D        | Killed a hellion
   153 | D        | Slain by a human

Vault maps used:
D:        dungeon_sprint_mu

Skill      XL: |  1 |
---------------+----+-----
Dodging        | 2 |  2.2
Stealth        | 1 |  1.6
Fighting       | |  1.3
Unarmed Combat | |  3.4
Spellcasting   | |  2.5
Transmutations | |  2.2

Action                   || total
-------------------------++-------
Melee: Unarmed           ||    30
       Kick              ||     5
       Tailslap          ||     2
       Punch             ||     1
 Cast: Beastly Appendage ||     6
  Use: Potion            ||     2
Armor: Skin              ||     4
Dodge: Dodged            ||    17
